 Dungeon Crawl Stone Soup version 0.30-a0-377-g5cb311bc9f (webtiles) character file.

Game seed: 12474144144739541692

49 flotson the Sneak (level 3, 0/29 HPs)
             Began as a Demonspawn Delver on Nov 27, 2022.
             Slain by a hobgoblin (3 damage)
             ... on level 3 of the Dungeon.
             The game lasted 00:01:02 (241 turns).

flotson the Sneak (Demonspawn Delver)                Turns: 241, Time: 00:01:03

Health: 0/29       AC:  3    Str: 14    XL:     3   Next: 51%
Magic:  3/3        EV: 12    Int: 11    God:
Gold:   0          SH:  0    Dex: 14    Spells: 2/2 levels left

rFire   . . .      SeeInvis .    a - +0 spear
rCold   . . .      Faith    .    (no shield)
rNeg    . . .      Spirit   .    b - +0 leather armour
rPois   .          Reflect  .    (helmet restricted)
rElec   .          Harm     .    (no cloak)
rCorr   .          Rampage  .    (no gloves)
Will    .....                    (no boots)
Stlth   +++.......               (no amulet)
HPRegen 0.24/turn                (no ring)
MPRegen 0.08/turn                (no ring)

@: no status effects
A: horns 1, sturdy frame 1
a: no special abilities


You were on level 3 of the Dungeon.
You visited 1 branch of the dungeon, and saw 3 of its levels.

Inventory:

Hand Weapons
 a - a +0 spear (weapon)
Armour
 b - a +0 leather armour (worn)
Wands
 g - a wand of digging (3)
Scrolls
 c - a scroll of fog
 h - a scroll of identify {unknown}


   Skills:
 + Level 3.4 Fighting
 - Level 1.7 Polearms
 + Level 1.2 Armour
 + Level 2.3 Dodging
 - Level 4.5 Stealth
 + Level 1.3 Evocations


You had 2 spell levels left.
You didn't know any spells.
Your spell library was empty.

Dungeon Overview and Level Annotations

Branches:
Dungeon (5/15)
 Temple: D:4-7

Altars:

Annotations:
D:4 3 runed translucent doors, Sigmund; qeuew's ghost, amateur DsMo


Innate Abilities, Weirdness & Mutations

You have a pair of small horns on your head.
Your movements are slightly less encumbered by armour. (ER -2)


Message History

The adder is severely wounded.
The adder bites you but does no damage.
You barely miss the adder.
The adder is severely wounded.
The adder barely misses you.
You barely miss the adder.
The adder is severely wounded.
The adder bites you.
You are poisoned.
The adder poisons you! The adder bites you.
You are too injured to fight recklessly!
You are too injured to fight recklessly!
You are too injured to fight recklessly!
You hit the adder.
You kill the adder!
You feel sick.
You closely miss the ball python. Your headbutt misses the ball python.
You feel sick.
An orc wizard appears from thin air!
Reactivating autopickup.
The ball python closely misses you. The ball python barely misses you.
You hit the ball python.
The ball python is moderately wounded.
You feel sick. The ball python bites you.
* * * LOW HITPOINT WARNING * * *
The ball python grabs you. The ball python constricts you.
The ball python bites you but does no damage.
The ball python constricts you.
You aren't carrying any potions.
You hit the ball python. You headbutt the ball python.
You kill the ball python!
You feel sick.
You hit the hobgoblin. You headbutt the hobgoblin.
You kill the hobgoblin!
You feel sick.
You hit the hobgoblin. You headbutt the hobgoblin.
The hobgoblin is severely wounded.
You feel sick.
You are no longer poisoned.
The hobgoblin hits you.
You die...

# .# .# ..# ..
...# #####.# ...#
######gg@..# ...##
#....#r####..#
....# #........# #
....# ###.....g..#
.... ...........#
...## ##.$...)..#
..o.#####).......#
..#.......r......#
..###########.?..#


You could see a quokka and 2 hobgoblins.

Vanquished Creatures
  A hound (D:5)
  An adder (D:3)
  An ufetubus (D:5)
  A ball python (D:3)
  A hobgoblin (D:3)
5 creatures vanquished.

Vanquished Creatures (others)
  A plant (D:4)
1 creature vanquished.

Grand Total: 6 creatures vanquished

Notes
Turn   | Place    | Note
-------+----------+-------------------------------------------
     0 | D:5      | flotson the Demonspawn Delver began the quest for the Orb.
     0 | D:5      | Reached XP level 1. HP: 18/18 MP: 1/1
    74 | D:5      | Noticed a hound
    90 | D:5      | Killed a hound
    91 | D:5      | Reached skill level 1 in Armour
    91 | D:5      | Reached skill level 1 in Evocations
    91 | D:5      | Gained mutation: Your movements are slightly less
                  | encumbered by armour. (ER -2) [demonic ancestry]
    91 | D:5      | Reached XP level 2. HP: 17/24 MP: 2/2
    91 | D:5      | Gained mutation: You have a pair of small horns on your
                  | head. [demonic ancestry]
    91 | D:5      | Reached XP level 3. HP: 20/29 MP: 3/3
   130 | D:5      | Noticed a phantom
   142 | D:4      | Noticed Sigmund
   183 | D:4      | Found a runed translucent gate.
   183 | D:4      | Found a runed translucent gate.
   183 | D:4      | Found a runed translucent gate.
   185 | D:4      | Noticed qeuew's ghost (amateur DsMo)
   186 | D:4      | Noticed a kobold brigand
   241 | D:3      | Slain by a hobgoblin

Illustrated notes

Levels and vault maps discovered:
D:3:      layout_rooms, chequers_temple_overflow_minitemple
D:4:      layout_rooms, tgw_sif, gammafunk_ghost_nasty_kobolds,
          serial_bayou_lagoon_a, grunt_ministairs_12, st_stairs_4, uniq_sigmund,
          uniq_grinder
D:5:      layout_loops_ring, kennysheep_generic_room_8, uniq_edmund,
          uniq_blork_the_orc

Skill      XL: |  1 |
---------------+----+-----
Armour         | 1 |  1.2
Dodging        | 2 |  2.3
Evocations     | 1 |  1.3
Fighting       | |  3.4
Polearms       | |  1.7
Stealth        | |  4.5

Action                   || total
-------------------------++-------
Melee: Spear             ||    31
       Punch             ||     1
       Headbutt          ||     3
  Use: Potion            ||     1
       Scroll            ||     2
 Stab: Sleeping          ||     1
Armor: Leather armour    ||    11
Dodge: Dodged            ||    33

Table legend: (Time is in decaauts)
 A = Elapsed time spent in this place.
 B = Non-inter-level travel time spent in this place.
 C = Inter-level travel time spent in this place.
 D = Time resting spent in this place.
 E = Time spent auto-exploring this place.
 F = Levels seen in this place.
 G = Mean time per level.
                   A        B        C        D        E       F      G
               +--------+--------+--------+--------+--------+-----+--------+
         Total |    226 |    226 |      0 |      0 |     95 |   3 |   75.3 |
       Dungeon |    226 |    226 |      0 |      0 |     95 |   3 |   75.3 |
               +--------+--------+--------+--------+--------+-----+--------+

Top non-repeatable levels by time:
     D:5: 128 daAuts
     D:3: 49 daAuts
     D:4: 48 daAuts
